 Dungeon Crawl Stone Soup version 0.20-a0-1025-g4706f7e (webtiles) character file.

33 IKeelU3 the Digger (level 3, 0/24 HPs)
             Began as a Barachi Earth Elementalist on Apr 19, 2017.
             Succumbed to a scorpion's poison
             ... on level 4 of the Dungeon.
             The game lasted 00:02:42 (941 turns).

IKeelU3 the Digger (Barachi Earth Elementalist)      Turns: 941, Time: 00:02:43

Health: 0/24       AC:  4    Str:  9    XL:     3   Next: 29%
Magic:  0/6        EV: 12    Int: 16    God:
Gold:   69         SH:  0    Dex: 12    Spells: 0/6 levels left

rFire    . . .     SeeInvis .   i - +0 dagger
rCold    . . .     Gourm    .   (no shield)
rNeg     . . .     Faith    .   c - +1 robe
rPois    .         Spirit   .   (no helmet)
rElec    .         Reflect  .   m - +0 cloak
rCorr    .         Harm     .   (no gloves)
MR       .....                  (no boots)
Stlth    ++........             (no amulet)
Regen    0.1/turn               (no ring)
MPRegen  0.1/turn               (no ring)

@: lethally poisoned (0 -> -11), slow
A: +LOS, swims, slowness 1, strong legs 1
a: Hop


You were on level 4 of the Dungeon.
You were hungry.

You visited 1 branch of the dungeon, and saw 4 of its levels.

You collected 69 gold pieces.

Inventory:

Hand Weapons
 i - a +0 dagger (weapon)
Missiles
 b - 29 stones (quivered)
Armour
 c - a +1 robe (worn)
 f - a cursed -2 scale mail
 m - a +0 cloak (worn)
Scrolls
 a - a scroll of enchant armour
 j - a scroll of blinking {unknown}
 k - a scroll of remove curse {unknown}
 l - 2 scrolls of identify {unknown}
Books
 e - a book of Geomancy

   Spells                             Type                      Level
   a - Sandblast                      Earth                        1
   b - Passwall                       Transmutation/Earth          2
   c - Stone Arrow                    Conjuration/Earth            3
   d - Petrify                        Transmutation/Earth          4
   e - Lee's Rapid Deconstruction     Earth                        5
Comestibles
 d - 2 bread rations


   Skills:
 - Level 2.1 Dodging
 - Level 1.7 Stealth
 - Level 2.1 Spellcasting
 + Level 0.2 Conjurations
 - Level 1.1 Transmutations
 + Level 4.2 Earth Magic


You couldn't memorise any spells.
You knew the following spells:

 Your Spells              Type           Power        Failure   Level  Hunger
a - Sandblast             Erth           ###...       3%          1    #......
b - Passwall              Tmut/Erth      ##........   11%         2    ###....
c - Stone Arrow           Conj/Erth      #.....       24%         3    ###....


Dungeon Overview and Level Annotations

Branches:
Dungeon (4/15)             Temple (0/1) D:4

Altars:


Innate Abilities, Weirdness & Mutations

Shadows flee at your approach. (+LOS)
You can swim through water.
You cover ground slowly.
You can hop short distances.


Message History

Forget which spell ([?*] list [ESC] exit)?
Okay, then.
* * * LOW HITPOINT WARNING * * *
You feel sick. The scorpion closely misses you.
As you read the scroll labeled URYGAX KAOMIV, it crumbles to dust.
You assume a fearsome visage.
The scorpion looks frightened!
It was a scroll of fear.
* * * LOW HITPOINT WARNING * * *
You feel sick.
* * * LOW HITPOINT WARNING * * *
You feel sick.
A ball python comes into view.
* * * LOW HITPOINT WARNING * * *
You feel sick.
* * * LOW HITPOINT WARNING * * *
You feel sick.
You aren't carrying any potions.
Unknown command.
A frilled lizard comes into view.
You die...

#. #..#.#. .#
#.###..#..# ..#
S...s.#..## #?.
.####.(..#...# ....#
...........#.##.#..##
...=.................
#..............#...
........<..#.#..#.#..
#...........@....>..l
##......#.......#.#..
##<#...#.#....#...# #
#...#.##.........
..#....##.########
./..#.......
.......#####..
#......# #.# .(.....
..


You could see a scorpion (fleeing) and a frilled lizard (sleeping).

Vanquished Creatures
  A worm (D:2)
  A leopard gecko (D:1)
  An orc (D:3)
  A ball python (D:1)
  3 giant cockroaches
  3 goblins (D:1)
  2 hobgoblins (D:1)
  2 jackals (D:1)
  2 kobolds (D:1)
  3 bats
  3 frilled lizards
  4 rats (D:1)
26 creatures vanquished.

Notes
Turn   | Place    | Note
-------+----------+-------------------------------------------
     0 | D:1      | IKeelU3 the Barachi Earth Elementalist began the quest for the Orb.
     0 | D:1      | Reached XP level 1. HP: 13/13 MP: 3/3
   142 | D:1      | Reached XP level 2. HP: 19/19 MP: 3/5
   584 | D:1      | Reached skill level 4 in Earth Magic
   755 | D:1      | Reached XP level 3. HP: 24/24 MP: 4/6
   759 | D:1      | Learned a level 2 spell: Passwall
   763 | D:1      | Learned a level 3 spell: Stone Arrow
   915 | D:2      | You fall through a shaft for 2 floors!
   916 | D:4      | Found a staircase to the Ecumenical Temple.
   918 | D:4      | Noticed a scorpion
   940 | D:4      | HP: 1/24 [poisoned by a scorpion]
   941 | D:4      | Succumbed to a scorpion's poison

Vault maps used:
D:1:      kennysheep_arrival_seaside, minmay_nonomino_d4
D:2:      first_bread, uniq_robin, uniq_crazy_yiuf_cottage
D:3:      lemuel_round_altar, lemuel_crystal_altar, old_standard_altar,
          corexii_shack, st_stairs_10
D:4:      zin_statuary, minmay_temple_entry_crystal_x

Skill      XL: |  1  2 |
---------------+-------+-----
Earth Magic    | 4 |  4.2
Dodging        | |  2.1
Stealth        | |  1.7
Spellcasting   | |  2.1
Conjurations   | |  0.2
Transmutations | |  1.1

Action                   || total
-------------------------++-------
Melee: Unarmed           ||     9
       Dagger            ||     6
 Cast: Sandblast         ||    37
  Use: Scroll            ||     3
Armor: Robe              ||     9
Dodge: Dodged            ||    29
